 Dungeon Crawl Stone Soup version 0.20.0-10-g0535bb4 (webtiles) character file.

287 maniacrov the Chopper (level 6, 0/53 HPs)
             Began as a Hill Orc Fighter on June 5, 2017.
             Slain by salade2fruit's ghost (4 damage)
             ... on level 4 of the Dungeon.
             The game lasted 00:09:10 (2333 turns).

maniacrov the Chopper (Hill Orc Fighter)            Turns: 2333, Time: 00:09:11

Health: 0/53       AC:  8    Str: 21    XL:     6   Next: 30%
Magic:  6/6        EV:  7    Int:  8    God:
Gold:   197        SH:  9    Dex: 10    Spells: 5/5 levels left

rFire    + . .     SeeInvis .   a - +0 war axe
rCold    x . .     Gourm    .   c - +0 shield
rNeg     . . .     Faith    .   b - +0 scale mail
rPois    .         Spirit   .   (no helmet)
rElec    .         Reflect  .   (no cloak)
rCorr    .         Harm     .   (no gloves)
MR       +....                  u - +0 pair of boots
Stlth    ..........             (no amulet)
Regen    0.2/turn               n - ring of protection from magic
MPRegen  0.1/turn               j - ring of fire

@: no status effects
A: no striking features
a: no special abilities


You were on level 4 of the Dungeon.
You were hungry.

You visited 1 branch of the dungeon, and saw 4 of its levels.

You collected 197 gold pieces.

Inventory:

Hand Weapons
 a - a +0 war axe (weapon)
Armour
 b - a +0 scale mail (worn)
 c - a +0 shield (worn)
 u - a +0 pair of boots (worn)
Jewellery
 j - a ring of fire (right hand)
 n - a ring of protection from magic (left hand)
Wands
 v - a wand of confusion (15/48)
Scrolls
 g - a scroll of teleportation
 i - 3 scrolls of remove curse
 s - a scroll of magic mapping
 t - a scroll of identify
Potions
 e - a potion of degeneration {unknown}
 k - a potion of mutation {unknown}
 l - a potion of curing {unknown}
 o - a potion of agility {unknown}
 p - a potion of lignification {unknown}
 q - a potion of heal wounds {unknown}
 r - a potion of flight {unknown}
Books
 h - a book of Misfortune

   Spells                             Type                      Level
   a - Confusing Touch                Hexes                        1
   b - Confuse                        Hexes                        3
   c - Gell's Gravitas                Translocation                3
   d - Petrify                        Transmutation/Earth          4
   e - Metabolic Englaciation         Hexes/Ice                    5
   f - Yara's Violent Unravelling     Hexes/Transmutation          5
Comestibles
 d - a meat ration
 f - 2 bread rations
 m - a royal jelly


   Skills:
 + Level 4.5 Fighting
 + Level 5.8 Axes
 + Level 4.1 Armour
 + Level 0.5 Dodging
 + Level 0.3 Stealth
 + Level 4.6 Shields


You had 5 spell levels left.
You didn't know any spells.

Dungeon Overview and Level Annotations

Branches:
Dungeon (4/15)
 Temple: D:4-7

Altars:
Makhleb
Qazlal
Ru

Annotations:
D:4 salade2fruit's ghost, amateur OpSu


Message History

Salade2fruit's ghost is severely damaged.
Salade2fruit's ghost hits you but does no damage. x2
Your shield and scale mail prevent you from hitting salade2fruit's ghost.
Salade2fruit's ghost is severely damaged.
You block salade2fruit's ghost's attack.
Your shield and scale mail prevent you from hitting salade2fruit's ghost.
Salade2fruit's ghost is severely damaged.
You block salade2fruit's ghost's attack.
You barely miss salade2fruit's ghost.
Salade2fruit's ghost is severely damaged.
You block salade2fruit's ghost's attack.
You miss salade2fruit's ghost.
Salade2fruit's ghost is severely damaged.
You block salade2fruit's ghost's attack.
Salade2fruit's ghost hits you but does no damage.
The iron imp grinds its teeth.
You closely miss salade2fruit's ghost.
Salade2fruit's ghost is severely damaged.
Salade2fruit's ghost hits you.
You die...

########
#......############
#.####.##.........# #.#
#.##@#######.# ######.#
##.##W##### #.#
#...##.###...rr5...# #.# #
#.#.........##.###.# #.#
###......####.##.# #.# #.#
..........# #.##.###.###.#
######........##......<..#
# ##.########.........# #
#.# #.###.###.#


You could see an iron imp, salade2fruit's ghost, a river rat and a rat.

Vanquished Creatures
  The ghost of Flooderbenga the Conjurer, a weakling DECj (D:3)
  A hound (D:2)
  An orc priest (D:3)
  2 orc wizards (D:3)
  An iguana (D:4)
  3 adders
  An ooze (D:3)
  3 worms
  2 dart slugs
  2 leopard geckos (D:1)
  10 orcs (D:3)
  3 bats
  A giant cockroach (D:4)
  8 goblins
  6 hobgoblins
  7 jackals
  A ball python (D:4)
  4 frilled lizards
  3 kobolds
  3 rats
63 creatures vanquished.

Notes
Turn   | Place    | Note
-------+----------+-------------------------------------------
     0 | D:1      | maniacrov the Hill Orc Fighter began the quest for the Orb.
     0 | D:1      | Reached XP level 1. HP: 19/19 MP: 1/1
   138 | D:1      | Reached XP level 2. HP: 27/27 MP: 2/2
   166 | D:1      | Reached skill level 3 in Axes
   554 | D:2      | Reached XP level 3. HP: 33/33 MP: 3/3
   624 | D:2      | Found a sacrificial altar of Ru.
   720 | D:2      | Reached skill level 4 in Axes
   749 | D:2      | Found a burning altar of Makhleb.
   765 | D:2      | Reached XP level 4. HP: 11/40 MP: 4/4
  1062 | D:3      | Found a stormy altar of Qazlal.
  1128 | D:3      | Reached skill level 5 in Axes
  1128 | D:3      | Reached XP level 5. HP: 26/46 MP: 5/5
  1338 | D:3      | Noticed Flooderbenga's ghost (weakling DECj)
  1383 | D:3      | Reached XP level 6. HP: 19/53 MP: 6/6
  1608 | D:3      | Killed Flooderbenga's ghost
  2280 | D:4      | Noticed salade2fruit's ghost (amateur OpSu)
  2324 | D:4      | HP: 2/53 [salade2fruit's ghost (2)]
  2333 | D:4      | Slain by salade2fruit's ghost

Skill      XL: |  1  2  3  4  5 |
---------------+----------------+-----
Axes           | 3 4 5 |  5.8
Fighting       | 4 |  4.5
Shields        | 4 |  4.6
Armour         | 4 |  4.1
Dodging        | |  0.5
Stealth        | |  0.3

Action                   |  1- 3 |  4- 6 || total
-------------------------+-------+-------++-------
Melee: War axe           |   107 |   179 ||   286
  Use: Scroll            |     2 |     7 ||     9
       Potion            |       |     3 ||     3
 Stab: Invisible         |       |     1 ||     1
  Eat: Fruit             |       |     3 ||     3
       Royal jelly       |       |     1 ||     1
Armor: Scale mail        |    60 |    78 ||   138
Dodge: Dodged            |    39 |    57 ||    96
Block: Shield            |    54 |   114 ||   168
